 Dungeon Crawl Stone Soup version 0.31-a0-202-g547052bce9 (webtiles) character file.

Game seed: 2525756984702656261

803 qw the Skirmisher (level 7, -7/38 (40) HPs)
             Began as a Deep Elf Hunter on June 26, 2023.
             Mangled by a wight
             ... wielding a +3 long sword
              (8 damage)
             ... on level 5 of the Dungeon.
             The game lasted 00:01:15 (3563 turns).

qw the Skirmisher (Deep Elf Hunter)                 Turns: 3563, Time: 00:01:15

HP:   -7/38 (40)    AC:  8    Str: 10    XL:     7   Next: 59%
MP:   9/9           EV: 11    Int: 14    God:
Gold: 404           SH:  5    Dex: 18    Spells: 6/6 levels left

rFire   . . .        Y - +1 shortbow
rCold   . . .        (shield currently unavailable)
rNeg    . . .        b - +0 ring mail
rPois   +            (no helmet)
rElec   .            (no cloak)
rCorr   .            e - +0 pair of gloves
SInv    .            (no boots)
Will    .....        f - amulet of reflection
Stlth   +            k - +4 ring of slaying {mikee}
HPRegen 0.26/turn    (no ring)
MPRegen 0.11/turn

%: reflection
@: about to teleport, drained
A: iridescent scales 1, poison resistance
a: no special abilities


You were on level 5 of the Dungeon.
You visited 2 branches of the dungeon, and saw 7 of its levels.

You collected 404 gold pieces.


Innate Abilities, Weirdness & Mutations

You are partially covered in iridescent scales. (AC +2)
Your system is resistant to poisons. (rPois)


   Skills:
 - Level 2.5 Fighting
 + Level 11.3 Ranged Weapons
 - Level 1.6 Armour
 - Level 3.0 Dodging
 - Level 1.2 Stealth


You had 6 spell levels left.
You didn't know any spells.
Your spell library was empty.

Inventory:

Hand Weapons
 Y - a +1 shortbow (weapon)
Armour
 b - a +0 ring mail (worn)
 e - a +0 pair of gloves (worn)
Jewellery
 f - an amulet of reflection (around neck)
 k - a +4 ring of slaying (left hand) {mikee}
 l - a ring of fire
Scrolls
 a - a scroll of teleportation
 m - a scroll of identify
Potions
 c - a potion of mutation
 d - a potion of brilliance {unknown}
 g - a potion of heal wounds {unknown}
 i - 2 potions of might

Dungeon Overview and Level Annotations

Branches:
Dungeon (6/15)             Temple (1/1) D:4

Altars:
Ashenzari
Cheibriados
Elyvilon
Fedhas
Gozag
Hepliaklqana
Kikubaaqudgha
Makhleb
Nemelex Xobeh
Uskayaw
Vehumet
Wu Jian
Yredelemnul
Zin
The Shining One


Message History

You shoot an arrow. The arrow hits the wight!
You destroy the wight!
The wight hits you with a +3 long sword!
You feel drained.
Your life force feels restored.
3555 ||| STAIRDANCE The wight hits you but does no damage. x2
You climb upwards.
There is a stone staircase leading down here.
You shoot an arrow. The arrow hits the wight.
The wight is lightly damaged.
The wight hits you but does no damage. You block the wight's attack. x2
You shoot an arrow. The arrow hits the wight.
The wight is moderately damaged.
The wight hits you with a +0 long sword!
You feel drained. You block the wight's attack.
The wight hits you but does no damage.
You shoot an arrow.
The arrow hits the wight but does no damage.
The wight is moderately damaged.
You block the wight's attack. x2
The wight hits you with a +3 long sword.
You shoot an arrow. The arrow hits the wight!
The wight is severely damaged.
The wight misses you. The wight hits you with a +0 hand axe.
The wight closely misses you.
You shoot an arrow. The arrow closely misses the wight.
You block the wight's attack. The wight hits you but does no damage.
The wight barely misses you.
You shoot an arrow. The arrow closely misses the wight.
The wight hits you with a +0 long sword!
The wight completely misses you.
The wight hits you with a +3 long sword.
You feel drained.
3563 ||| READING 2 scrolls of teleportation.
As you read the scroll of teleportation, it crumbles to dust.
You feel strangely unstable. You block the wight's attack.
The wight barely misses you.
The wight hits you with a +3 long sword!
You die...

#....#.##........###
###....###..####### ##
##.....###........##
.###########..###..###.#####..#
..[..........## ##.....# ##.###
#####.......### #....># #....
##........#...####.##.## #####
..........#....z...##.#### #.<
##..............@z..#....######)#
###............z...####.....##)#
######.............##......).#
#..........##..PPPP......
#.................P......
#..........###P...P..####
##........## #P...P..#
#..........#


#PPPPP..# #...<......# ####....# You could see 3 wights.

Vanquished Creatures
  A black bear (D:4)
  2 ogres
  2 scorpions
  A wight (D:6)
  A howler monkey (D:5)
  A jelly (D:5)
  A hound (D:5)
  A gnoll bouda (D:4)
  An orc priest (D:5)
  Jessica (D:2)
  An iguana (D:4)
  4 adders
  3 gnolls (D:4)
  A white imp (D:5)
  2 worms
  A dart slug (D:4)
  13 orcs
  A bat (D:1)
  7 endoplasms
  3 giant cockroaches
  9 goblins
  6 hobgoblins
  3 jackals (D:4)
  6 kobolds
  4 quokkas
  6 ball pythons
  2 frilled lizards
  4 rats
88 creatures vanquished.

Notes
Turn   | Place    | Note
-------+----------+-------------------------------------------
     0 | D:1      | qw the Deep Elf Hunter began the quest for the Orb.
     0 | D:1      | Reached XP level 1. HP: 12/12 MP: 3/3
     0 | D:1      | 0 ||| qw: Version: 0.3-a-22-g0ed2b0b
     0 | D:1      | 0 ||| qw: Game counter: 5945
     0 | D:1      | 0 ||| qw: Melee chars always use a shield: true
     0 | D:1      | 0 ||| qw: God list: Okawaru
     0 | D:1      | 0 ||| qw: Allow faded altars: false
     0 | D:1      | 0 ||| qw: Do Orc after clearing Dungeon:15 true
     0 | D:1      | 0 ||| qw: Do second Lair branch before Depths: true
     0 | D:1      | 0 ||| qw: Lair rune preference: random
     0 | D:1      | 0 ||| qw: Goals: Normal
     0 | D:1      | 0 ||| PLANNING D:1-11
   164 | D:1      | Reached XP level 2. HP: 16/16 MP: 4/4
   217 | D:1      | Reached skill level 6 in Ranged Weapons
   666 | D:1      | Found a glowing golden altar of the Shining One.
   751 | D:1      | 751 ||| UPGRADING to amulet of guardian spirit.
   756 | D:1      | 756 ||| UPGRADING to amulet of reflection.
   766 | D:1      | 766 ||| DROPPING amulet of guardian spirit.
   767 | D:1      | 767 ||| UPGRADING to +4 ring of slaying {mikee}.
   768 | D:1      | 768 ||| READING 2 scrolls labelled LOEBLI DOYKUAL.
   771 | D:1      | 771 ||| READING scroll labelled ZILICV YNUAKIR.
   772 | D:1      | 772 ||| READING scroll labelled SAILAASTR PESE.
   773 | D:1      | 773 ||| DRINKING 2 sapphire potions.
   774 | D:1      | 774 ||| DROPPING scroll of butterflies.
   775 | D:1      | 775 ||| DROPPING potion of invisibility.
   806 | D:2      | Reached XP level 3. HP: 20/20 MP: 5/5
   946 | D:2      | Reached skill level 7 in Ranged Weapons
  1077 | D:2      | Noticed Jessica
  1081 | D:2      | Killed Jessica
  1082 | D:2      | Reached XP level 4. HP: 21/25 MP: 6/6
  1219 | D:3      | Noticed a scorpion
  1226 | D:3      | Killed a scorpion
  1227 | D:3      | Reached skill level 8 in Ranged Weapons
  1227 | D:3      | Reached XP level 5. HP: 20/29 MP: 7/7
  1234 | D:3      | 1234 ||| FLEEEEING.
  1334 | D:3      | Found a basalt altar of Yredelemnul.
  1672 | D:3      | Found a faded altar of an unknown god.
  1885 | D:3      | 1885 ||| READING scroll labelled UNTO JAFINTOPS.
  1886 | D:3      | 1886 ||| READING scroll labelled HISKOM COEM KEO.
  1938 | D:3      | 1938 ||| DRINKING 2 metallic ruby potions.
  2048 | D:4      | Found a broken altar of Ashenzari.
  2082 | D:4      | 2082 ||| FLEEEEING.
  2086 | D:4      | Reached skill level 9 in Ranged Weapons
  2093 | D:4      | Reached skill level 3 in Dodging
  2211 | D:4      | Noticed an ogre
  2217 | D:4      | Killed an ogre
  2218 | D:4      | Reached XP level 6. HP: 36/36 MP: 8/8
  2374 | D:4      | Found a staircase to the Ecumenical Temple.
  2375 | D:4      | 2375 ||| PLANNING TEMPLE
  2375 | D:4      | 2375 ||| UPGRADING to +0 ring mail.
  2385 | D:4      | 2385 ||| DROPPING +0 leather armour.
  2386 | D:4      | 2386 ||| UPGRADING to +0 pair of gloves.
  2391 | D:4      | 2391 ||| DROPPING amulet of the acrobat.
  2392 | D:4      | 2392 ||| READING scroll labelled USKUGE XECEGH.
  2401 | Temple   | Entered the Ecumenical Temple
  2435 | Temple   | 2435 ||| PLANNING D:1-11
  2483 | D:4      | Found a radiant altar of Vehumet.
  2819 | D:4      | 2819 ||| DROPPING +2 robe of willpower.
  2858 | D:5      | Entered Level 5 of the Dungeon
  2871 | D:5      | Reached skill level 10 in Ranged Weapons
  2920 | D:5      | HP: 9/36 [ogre/+0 giant club (27)]
  2921 | D:5      | 2921 ||| READING 3 scrolls of teleportation.
  2961 | D:5      | Reached skill level 1 in Armour
  2961 | D:5      | Reached XP level 7. HP: 22/40 MP: 9/9
  3297 | D:5      | 3297 ||| FLEEEEING.
  3298 | D:5      | 3298 ||| FLEEEEING.
  3299 | D:5      | 3299 ||| FLEEEEING.
  3305 | D:5      | 3305 ||| FLEEEEING.
  3306 | D:5      | 3306 ||| FLEEEEING.
  3307 | D:5      | 3307 ||| FLEEEEING.
  3310 | D:5      | 3310 ||| STAIRDANCE
  3329 | D:4      | 3329 ||| READING scroll labelled JAZ JUONOYL.
  3330 | D:4      | 3330 ||| READING scroll labelled CAYPIS CIDEZI.
  3331 | D:4      | 3331 ||| DRINKING 2 murky white potions.
  3331 | D:4      | Gained mutation: You are partially covered in iridescent
                  | scales. (AC +2) [potion of mutation]
  3331 | D:4      | Gained mutation: Your system is resistant to poisons.
                  | (rPois) [potion of mutation]
  3339 | D:5      | Reached skill level 11 in Ranged Weapons
  3550 | D:6      | 3550 ||| PLANNING OSSUARY
  3555 | D:6      | 3555 ||| STAIRDANCE
  3562 | D:5      | HP: 5/39 [wight/+0 long sword (8)]
  3562 | D:5      | HP: 1/39 [wight/+3 long sword (4)]
  3563 | D:5      | 3563 ||| READING 2 scrolls of teleportation.
  3563 | D:5      | Mangled by a wight

Levels and vault maps discovered:
D:1:      sevenhm_arrival_forest_fort_small_6, layout_loops_ring
D:2:      layout_basic, uniq_jessica
D:3:      layout_loops_ring, yredelemnul_altar_generic,
          shapermc_ecumenical_altar_acropolis, chequers_serial_rivers_micro_a,
          kennysheep_generic_room_4
D:4:      layout_cave_pods, mainiacjoe_overflow_alcove_1, ashenzari_altar_1,
          temple_fountains
D:5:      layout_rooms, minmay_gold_behind_fungi
D:6:      layout_rooms, grunt_temple_overflow_open, enter_ossuary_3
Temple:   hellmonk_temple_of_storms

Skill      XL: |  1  2  3  4  5  6  7 |
---------------+----------------------+-----
Ranged Weapons | 6 7 8 9 10 11 | 11.3
Dodging        | 3 |  3.0
Fighting       | 2 |  2.5
Armour         | 1 |  1.6
Stealth        | |  1.2

Action                     |  1- 3 |  4- 6 |  7- 9 || total
---------------------------+-------+-------+-------++-------
   Fire: Shortbow          |    76 |    94 |    54 ||   224
    Use: Scroll            |     3 |     4 |     3 ||    10
         Potion            |     1 |     1 |     1 ||     3
 Armour: Leather armour    |     1 |     2 |       ||     3
         Ring mail         |       |     1 |     7 ||     8
  Dodge: Dodged            |     8 |     6 |    10 ||    24
  Block: Other             |     1 |     7 |    11 ||    19
         Reflection        |       |     2 |       ||     2

Table legend:
 A = Non-vault XP
 B = Vault XP
 C = Vault XP percentage of total XP
 D = Non-vault monster count
 E = Vault monster count
 F = Vault count percentage of total count
                 A         B        C        D         E       F
            +---------+---------+-------+---------+---------+-------
      Total |    1108 |      40 |   3.5 |      86 |       2 |   2.3
            +---------+---------+-------+---------+---------+-------
        D:1 |      37 |       0 |   0.0 |      22 |       0 |   0.0
        D:2 |      37 |      37 |  50.0 |      12 |       1 |   7.7
        D:3 |     123 |       3 |   2.4 |      14 |       1 |   6.7
        D:4 |     388 |       0 |   0.0 |      17 |       0 |   0.0
        D:5 |     445 |       0 |   0.0 |      20 |       0 |   0.0
        D:6 |      78 |       0 |   0.0 |       1 |       0 |   0.0
            +---------+---------+-------+---------+---------+-------
